AoeStats
← john.civildem

Oasis

508360574Analyzed
4v4 RM · 11d ago on Sep 22, 2026· 75m 25s· 8 players
Game mode
Random Map
Map size
Large (8 player)
Population
200
Speed
Normal
Resources
Standard
Victory
Conquest
Starting age
Dark Age
Ending age
Imperial Age
RankedLock teamsTeams togetherTeam positionsShared explorationLock speedFull tech treeHidden civsTurbo modeCheats
Victory
Defeat
🇦🇷 Koreans · Argentina
909
+12
🇲🇽 Turks · Mexico
876
+13
🇺🇸 Franks · United States
831
+15
🇺🇸 Vietnamese · United States
746
+18
🇪🇨 Maya · Ecuador
839
-16
🇺🇸 Mongols · United States
822
-15
🇪🇨 Franks · Ecuador
817
-15
🇪🇨 Britons · Ecuador
735
-12
sebchenko34
0:33 Loom
10:23 Feudal Age
10:50 Double-Bit Axe
13:57 Horse Collar
20:39 Castle Age
19:23 Gold Mining
21:42 Wheelbarrow
21:37 Squires
23:45 Pikeman
25:53 Bow Saw
28:12 Heavy Plow
30:59 Hand Cart
30:58 Fletching
30:57 Eagle Warrior
33:13 Forging
33:09 Scale Mail Armor
33:18 Stone Mining
33:47 Caravan
37:50 Imperial Age
36:39 Iron Casting
36:19 Chain Mail Armor
39:48 Elite Eagle Warrior
39:51 Elite Plumed Archer
40:58 Guilds
41:04 Onager
42:19 Bodkin Arrow
43:24 Blast Furnace
44:33 Halberdier
45:37 Conscription
46:48 Holcans
48:36 Coinage
49:24 Chemistry
61:36 Plate Mail Armor
63:08 Banking
63:17 Bracer
63:17 Padded Archer Armor
65:25 Two-Man Saw
64:57 Crop Rotation
67:28 Leather Archer Armor
70:56 Heavy Scorpion
VersedSeal9311
0:37 Loom
12:28 Feudal Age
12:55 Horse Collar
13:04 Double-Bit Axe
18:02 Wheelbarrow
20:17 Castle Age
19:19 Forging
20:35 Fletching
20:40 Gold Mining
20:40 Stone Mining
22:49 Bow Saw
23:00 Caravan
23:59 Wheelbarrow
24:45 Wheelbarrow
29:12 Hand Cart
29:25 Stone Mining
32:25 Ballistics
32:01 Murder Holes
32:17 Masonry
35:36 Imperial Age
33:50 Fortified Wall
33:42 Bodkin Arrow
33:54 Scale Barding Armor
34:23 Nomads
34:34 Heavy Plow
36:23 Bracer
37:24 Chemistry
36:30 Siege Engineers
37:12 Chain Barding Armor
37:28 Iron Casting
38:03 Parthian Tactics
37:55 Elite Steppe Lancer
38:36 Husbandry
38:46 Bloodlines
37:57 Light Cavalry
39:09 Padded Archer Armor
39:00 Heavy Scorpion
39:01 Capped Ram
40:03 Drill
40:27 Leather Archer Armor
43:45 Blast Furnace
42:47 Scale Mail Armor
42:11 Hussar
42:13 Heavy Camel Rider
42:33 Heavy Cavalry Archer
50:18 Elite Skirmisher
50:24 Onager
55:33 Conscription
54:34 Elite Mangudai
58:24 Siege Ram
58:27 Siege Onager
john.civildem
3:12 Loom
10:02 Feudal Age
11:31 Double-Bit Axe
11:41 Gold Mining
14:39 Padded Archer Armor
15:44 Wheelbarrow
16:47 Stone Mining
16:51 Fletching
23:03 Castle Age
25:41 Hand Cart
26:48 Leather Archer Armor
27:12 Coinage
28:26 Gold Shaft Mining
32:49 Bow Saw
33:10 Caravan
42:31 Imperial Age
44:37 Yeomen
50:41 Ring Archer Armor
51:12 Banking
50:53 Guilds
56:35 Cavalier
63:48 Crossbowman
65:11 Pikeman
68:43 Two-Man Saw
68:28 Arbalester
KAISER962605
11:17 Feudal Age
13:29 Double-Bit Axe
17:46 Forging
19:09 Scale Barding Armor
24:20 Castle Age
25:23 Husbandry
27:08 Gold Mining
27:09 Stone Mining
31:03 Gold Shaft Mining
38:17 Imperial Age
36:26 Wheelbarrow
36:28 Bow Saw
38:21 Cavalier
41:57 Caravan
43:54 Chemistry
43:21 Stone Mining
43:50 Hand Cart
45:26 Paladin
46:22 Chivalry
48:52 Iron Casting
57:51 Blast Furnace
66:29 Elite Throwing Axeman
68:35 Chain Barding Armor
im just gettin lucky
10:38 Feudal Age
14:37 Double-Bit Axe
19:12 Castle Age
19:30 Scale Barding Armor
19:37 Forging
21:14 Husbandry
22:12 Iron Casting
25:55 Bow Saw
27:57 Stone Mining
33:56 Imperial Age
32:49 Wheelbarrow
35:48 Gold Mining
36:33 Conscription
36:29 Chivalry
37:02 Cavalier
39:02 Hand Cart
40:01 Chain Barding Armor
40:42 Blast Furnace
40:30 Paladin
41:53 Plate Barding Armor
49:31 Caravan
huntrixLoL
1:17 Loom
14:49 Feudal Age
27:35 Castle Age
26:59 Horse Collar
27:05 Double-Bit Axe
29:12 Heavy Plow
29:23 Bow Saw
28:52 Pikeman
29:37 Squires
32:13 Scale Mail Armor
32:25 Forging
32:16 Stone Mining
32:17 Gold Mining
34:55 Wheelbarrow
35:22 Murder Holes
37:46 Iron Casting
39:53 Hand Cart
40:42 Chain Mail Armor
43:42 Imperial Age
43:29 Stone Shaft Mining
45:03 Plate Mail Armor
43:57 Halberdier
51:33 Elite Fire Lancer
75:02 Town Watch
El Tlatoani
3:52 Loom
10:39 Feudal Age
18:48 Castle Age
18:29 Double-Bit Axe
20:00 Husbandry
23:47 Bow Saw
33:21 Imperial Age
33:32 Thumb Ring
34:20 Wheelbarrow
35:02 Two-Man Saw
35:14 Conscription
35:19 Ballistics
36:06 Hand Cart
38:57 Bloodlines
蒸汽机器人
2:55 Loom
10:24 Feudal Age
11:05 Double-Bit Axe
12:07 Horse Collar
19:28 Castle Age
17:56 Stone Mining
17:59 Gold Mining
20:06 Pikeman
22:15 Heavy Plow
24:03 Bow Saw
29:20 Town Watch
30:23 Wheelbarrow
33:56 Imperial Age
33:28 Gambesons
34:06 Hand Cart
34:05 Fortified Wall
34:16 Ballistics
33:52 Murder Holes
34:09 Masonry
33:39 Treadmill Crane
34:39 Stone Shaft Mining
34:43 Gold Shaft Mining
35:32 Conscription
36:28 Two-Man Saw
36:35 Chemistry
36:21 Town Patrol
36:18 Fletching
36:38 Forging
36:34 Scale Barding Armor
37:04 Eupseong
37:10 Squires
36:57 Arson
38:48 Thumb Ring
38:32 Elite Fire Lancer
39:58 Caravan
41:10 Iron Casting
40:56 Chain Barding Armor
40:31 Bodkin Arrow
42:14 Architecture
41:50 Siege Engineers
41:31 Arrowslits
42:34 Elite War Wagon
43:39 Bracer
43:40 Scale Mail Armor
43:06 Man-at-Arms
45:17 Siege Engineers
47:28 Halberdier
47:29 Long Swordsman
56:54 Chain Mail Armor
56:34 Heated Shot
58:50 Husbandry
61:01 Shinkichon
61:28 Plate Mail Armor
62:40 Coinage
62:21 Guilds
68:15 Two-Handed Swordsman
71:01 Banking
73:55 Champion
Connection lost

Rejoining the realm…

Still unreachable

The connection could not be restored.

Session expired

The server has moved on; the page needs a fresh start.